Map: [ESL] Waterfall

Players

gumiho

  • Race: Terran Terran
  • Spawn Location: 7:00

Solar - Winner!

  • Race: Zerg Zerg
  • League: Master
  • Spawn Location: 1:00

Event: HomeStory Cup XXII

VOD

Have the link to the VOD?

Description

Time

  • Played on: Dec. 15, 2022, 2:03 p.m.
  • Length: 16:25

All games in this series

Show
View Real Time Build Order
Export as new Build Order

gumiho Terran 

Build Orders: Gas First Reaper Expand, Hellion Banshee 

Get SALT Encoding   

  12  0:00  SCV  
  13  0:12  SCV  
  14  0:17  Supply Depot  
  14  0:24  SCV  
  14  0:27  Refinery  
  15  0:38  SCV  
  16  0:44  Barracks  
  16  0:50  SCV  
  17  1:02  SCV  
  18  1:14  SCV  
  19  1:30  Orbital Command  
  19  1:31  Reaper  
  20  1:42  Command Center  
  20  1:53  Factory  
  20  1:56  SCV  
  21  2:02  Refinery  
  21  2:05  Barracks Reactor  
  21  2:08  SCV  
  21  2:14  Supply Depot  
  22  2:20  SCV  
  23  2:36  SCV  
  24  2:39  Starport  
  24  2:48  Hellion x2, SCV  
  29  2:54  Orbital Command  
  29  2:57  Barracks Tech Lab  
  29  3:00  SCV  
  30  3:10  Hellion  
  30  3:12  Hellion  
  34  3:13  SCV  
  34  3:19  SCV  
  36  3:22  Cloaking Field  
  36  3:27  Banshee  
  39  3:34  SCV x2  
  39  3:36  Hellion  
  41  3:46  SCV x2  
  43  3:51  Marine  
  43  3:55  Supply Depot  
  42  3:57  Hellion x2  
  46  4:14  Command Center, Barracks Tech Lab  
  46  4:16  SCV x2  
  48  4:18  Supply Depot  
  48  4:22  Hellion x2  
  52  4:28  SCV x2  
  54  4:33  Stimpack  
  54  4:39  Banshee  
  54  4:40  SCV x2  
  60  4:52  SCV x2  
  59  5:02  Supply Depot  
  59  5:05  SCV x2  
  61  5:14  Engineering Bay x2  
  61  5:17  SCV, Factory Reactor, Barracks  
  61  5:19  Supply Depot  
  62  5:21  Barracks  
  62  5:24  SCV  
  62  5:26  Orbital Command  
  63  5:30  SCV, Barracks  
  63  5:32  Starport Reactor  
  63  5:35  Barracks, Refinery  
  64  5:36  SCV  
  64  5:41  Refinery  
  64  5:42  SCV  
  66  5:44  Terran Infantry Weapons Level 1  
  66  5:47  Terran Infantry Armor Level 1  
  66  5:48  SCV  
  67  5:50  Supply Depot, Marine  
  67  5:53  Orbital Command  
  67  5:54  SCV  
  69  6:00  SCV  
  70  6:06  SCV  
  70  6:08  Supply Depot  
  71  6:12  SCV  
  71  6:18  Siege Tank  
  73  6:21  Marine  
  73  6:22  Marine  
  73  6:23  Combat Shield  
  73  6:24  Barracks Reactor x2  
  73  6:25  SCV x3  
  67  6:27  Medivac x2  
  68  6:35  Marine x3  
  68  6:37  SCV x3  
  74  6:41  Supply Depot, Marine  
  74  6:42  Marine  
  76  6:49  SCV x3  
  76  6:50  Siege Tank  
  76  6:53  Marine x3  
  83  6:59  Marine x2  
  83  7:01  Marine x2  
  84  7:03  Marine x2  
  84  7:07  SCV x2  
  87  7:09  Medivac x2  
  87  7:11  Marine x3  
  87  7:13  SCV  
  95  7:17  Marine x2  
  95  7:18  Marine  
  95  7:19  SCV, Marine  
  95  7:20  Marine  
  95  7:21  Marine  
  95  7:22  Factory  
  102  7:23  Siege Tank  
  102  7:28  Marine  
  102  7:29  Command Center  
  106  7:30  SCV  
  106  7:31  SCV  
  106  7:35  Armory  
  106  7:36  Supply Depot  
  108  7:39  Supply Depot  
  108  7:42  SCV x2  
  110  7:45  Refinery x2  
  110  7:47  Marine x6  
  110  7:49  Marine  
  117  7:57  Marine  
  117  7:58  Siege Tank  
  120  8:02  Marine  
  120  8:04  SCV x3  
  120  8:05  Marine  
  124  8:11  Supply Depot  
  124  8:12  Marine x2  
  126  8:13  Supply Depot, Marine x3  
  126  8:14  Supply Depot, Factory Tech Lab  
  126  8:16  SCV x3  
  132  8:25  Terran Infantry Armor Level 2, Terran Infantry Weapons Level 2  
  132  8:26  Sensor Tower  
  132  8:28  SCV  
  132  8:33  SCV, Siege Tank x2  
  140  8:38  Supply Depot  
  140  8:41  Supply Depot  
  140  8:47  SCV x3  
  140  8:48  Viking x2  
  147  8:59  SCV x3  
  150  9:05  Siege Tank x2  
  156  9:11  SCV x2  
  156  9:13  SCV  
  159  9:19  Marine x2  
  159  9:20  Marine  
  159  9:23  Planetary Fortress  
  162  9:26  Marine x3  
  162  9:29  Sensor Tower  
  165  9:34  Marine x3  
  165  9:37  Siege Tank, Marine x2  
  165  9:38  Siege Tank  
  175  9:39  Marine  
  175  9:41  Medivac x2  
  175  9:44  Marine x3  
  183  9:50  Command Center  
  183  9:52  Marine  
  184  10:03  Command Center  
  184  10:05  Command Center  
  184  10:08  Terran Vehicle Weapons Level 1  
  184  10:09  Refinery  
  184  10:10  Siege Tank  
  184  10:12  Refinery  
  184  10:14  Supply Depot  
  187  10:18  Siege Tank  
  182  10:40  Barracks  
  182  10:42  Terran Infantry Weapons Level 3, Terran Infantry Armor Level 3, Siege Tank, Barracks x2  
  185  10:49  Marine x5  
  183  10:50  Siege Tank  
  183  10:53  Command Center  
  188  10:58  Missile Turret  
  188  10:59  Missile Turret  
  188  11:00  Missile Turret  
  188  11:03  Orbital Command  
  188  11:04  Command Center  
  188  11:09  Ghost Academy  
  188  11:17  Orbital Command  
  188  11:21  Missile Turret  
  188  11:27  Siege Tank x2  
  188  11:31  Barracks Tech Lab x2  
  188  11:32  Barracks Tech Lab  
  194  11:45  Ghost  
  196  11:49  Missile Turret  
  196  11:50  Ghost x2  
  169  12:09  Ghost  
  169  12:13  Ghost  
  157  12:16  Planetary Fortress  
  157  12:18  Siege Tank x2  
  157  12:22  Orbital Command  
  161  12:26  Planetary Fortress  
  161  12:27  Sensor Tower  
  161  12:33  Ghost  
  161  12:34  Marine x3  
  166  12:39  Ghost  
  160  12:47  Personal Cloaking  
  160  12:50  Siege Tank x2  
  166  12:53  Ghost  
  166  12:54  Marine  
  166  12:55  Marine x3  
  172  13:03  Marauder  
  163  13:05  Orbital Command  
  163  13:12  Marauder x2  
  152  13:14  Marine x3  
  152  13:16  Marine x2  
  152  13:18  Marine  
  152  13:19  Marine  
  134  13:20  Marine  
  134  13:22  Siege Tank x2, Marauder  
  134  13:24  Marauder  
  146  13:31  Marine  
  146  13:32  Marine  
  146  13:33  Liberator x2  
  146  13:34  Marauder  
  154  13:35  Command Center  
  154  13:40  SCV x4  
  158  13:48  Ghost x2  
  158  13:50  Marine  
  158  13:51  Marauder, Marine x2  
  158  13:54  Siege Tank  
  158  13:55  Marauder  
  172  13:57  Marine  
  172  14:00  Concussive Shells  
  167  14:12  Marauder  
  167  14:13  Nuke  
  167  14:16  Ghost x2  
  171  14:17  Marauder, Marine x2  
  171  14:23  Marine  
  173  14:33  Marauder  
  173  14:36  Marine x3  
  146  14:39  Marauder  
  146  14:42  Marine  
  146  14:43  Marine x2  
  146  14:44  Marine x2  
  146  14:45  Marauder  
  136  14:46  Marauder  
  138  14:54  Sensor Tower  
  138  14:55  Marauder, Orbital Command  
  140  15:00  Marauder  
  140  15:05  Siege Tank  
  140  15:06  Ghost  
  147  15:11  Liberator x2  
  153  15:25  Ghost  
  153  15:26  Marine, Ghost  
  153  15:37  Siege Tank  
  153  15:38  Missile Turret  
  153  15:39  Marauder  
  144  16:03  Marauder x2  
Show
View Real Time Build Order
Export as new Build Order

Solar Zerg - Winner!

Build Orders: Hatch First, Lurkers 

Get SALT Encoding   

  12  0:00  Drone  
  13  0:12  Overlord  
  13  0:17  Drone  
  14  0:31  Drone x2  
  16  0:47  Hatchery  
  15  0:51  Drone  
  15  0:55  Drone  
  17  0:58  Drone  
  18  1:09  Extractor  
  17  1:13  Spawning Pool  
  17  1:16  Drone  
  17  1:20  Drone  
  18  1:28  Drone  
  19  1:38  Drone  
  20  1:49  Drone  
  21  1:59  Queen x2  
  21  2:00  Zergling x4  
  27  2:17  Drone, Overlord  
  27  2:22  Hatchery  
  27  2:25  Drone  
  28  2:35  Drone x2  
  30  2:38  Queen  
  30  2:42  Overlord  
  32  2:47  Metabolic Boost  
  32  2:51  Drone  
  32  2:56  Drone x2  
  36  2:58  Drone  
  36  3:04  Drone  
  36  3:05  Drone  
  38  3:09  Drone x3  
  41  3:16  Queen  
  41  3:19  Overlord  
  43  3:26  Zergling x2  
  44  3:32  Overlord  
  44  3:33  Queen  
  46  3:46  Drone  
  46  3:51  Drone x10  
  56  3:58  Queen  
  56  4:00  Overlord  
  58  4:04  Zergling x4  
  58  4:08  Queen  
  62  4:13  Drone x3  
  62  4:15  Overlord  
  65  4:18  Zergling x2  
  65  4:22  Overlord  
  66  4:26  Overlord  
  66  4:30  Spore Crawler x2  
  64  4:31  Spore Crawler  
  64  4:32  Drone x3  
  64  4:34  Drone x2  
  68  4:39  Drone  
  68  4:42  Lair  
  68  4:46  Drone x4  
  68  4:50  Drone x3  
  68  4:52  Extractor  
  72  4:55  Drone  
  72  4:56  Drone  
  72  4:57  Drone  
  74  5:02  Extractor  
  74  5:03  Baneling Nest, Drone  
  74  5:05  Drone  
  74  5:11  Drone x4  
  78  5:15  Overlord  
  78  5:18  Drone x4  
  78  5:19  Drone x2  
  78  5:20  Drone  
  85  5:21  Drone  
  85  5:27  Extractor  
  85  5:28  Extractor  
  85  5:29  Overlord  
  85  5:32  Evolution Chamber  
  85  5:33  Zergling x2, Hatchery  
  85  5:34  Zergling x2  
  84  5:36  Evolution Chamber  
  84  5:37  Drone  
  84  5:40  Overseer  
  84  5:41  Drone  
  85  5:43  Drone  
  85  5:46  Drone x2  
  85  5:47  Overlord  
  85  5:48  Centrifugal Hooks  
  89  5:50  Drone  
  89  5:53  Zergling x10  
  89  5:56  Drone  
  89  5:57  Drone  
  96  5:58  Zergling x2  
  96  6:03  Zerg Ground Armor Level 1, Overlord  
  97  6:05  Zerg Melee Weapons Level 1  
  97  6:06  Zergling x2  
  97  6:08  Zergling x2  
  93  6:20  Zergling x2  
  93  6:21  Zergling x14  
  93  6:24  Zergling x2  
  98  6:29  Drone  
  98  6:30  Zergling x8  
  102  6:35  Overlord  
  102  6:38  Baneling x8  
  102  6:39  Baneling x4  
  102  6:41  Zergling x4  
  102  6:45  Zergling x4  
  105  6:49  Queen  
  105  6:50  Drone  
  105  6:51  Drone  
  105  6:53  Drone  
  109  6:56  Hydralisk Den  
  109  6:58  Drone  
  109  7:01  Drone  
  104  7:02  Zergling x8  
  104  7:03  Drone  
  104  7:04  Drone x5  
  112  7:08  Zergling x2  
  112  7:09  Zergling x2  
  112  7:13  Zergling x2  
  112  7:14  Overlord  
  115  7:19  Hatchery  
  115  7:20  Extractor  
  115  7:22  Zergling x10  
  118  7:24  Baneling x2  
  118  7:29  Overlord  
  118  7:30  Drone x3  
  118  7:31  Zergling x4, Muscular Augments  
  118  7:33  Overlord  
  118  7:36  Drone  
  118  7:37  Drone x2  
  126  7:38  Zergling x2  
  126  7:42  Hydralisk  
  129  7:45  Baneling x2, Hydralisk x3  
  129  7:46  Baneling, Hydralisk  
  129  7:49  Zergling x8  
  141  7:52  Zergling x2, Infestation Pit  
  141  7:58  Overlord  
  141  7:59  Zergling x8, Zerg Ground Armor Level 2  
  141  8:00  Zerg Melee Weapons Level 2  
  141  8:01  Zergling x2  
  143  8:10  Hydralisk x4  
  143  8:12  Zergling x4  
  153  8:18  Drone  
  153  8:19  Zergling x8  
  158  8:20  Overlord  
  158  8:23  Hydralisk  
  160  8:27  Hydralisk, Baneling x3  
  160  8:29  Zergling x2, Hive  
  160  8:30  Zergling x2  
  160  8:31  Drone  
  160  8:32  Zergling x2, Extractor  
  164  8:34  Baneling x2  
  164  8:37  Drone x3, Overlord  
  164  8:40  Zergling x4  
  169  8:42  Grooved Spines  
  169  8:43  Zergling x4  
  169  8:46  Zergling x8  
  175  8:52  Overlord  
  175  8:53  Zergling x14, Baneling x9  
  182  9:00  Zergling x6  
  182  9:02  Overlord  
  185  9:03  Overlord  
  185  9:06  Zergling x8, Drone  
  185  9:07  Lurker Den  
  185  9:08  Overlord  
  189  9:11  Overlord x2  
  189  9:14  Overlord  
  189  9:16  Overlord  
  189  9:22  Drone x4  
  189  9:23  Extractor  
  192  9:24  Drone  
  192  9:27  Zergling x8  
  195  9:32  Zergling x6  
  195  9:35  Zergling x6  
  197  9:57  Viper  
  197  9:58  Adrenal Glands  
  200  10:16  Zergling x6, Zerg Missile Weapons Level 1, Viper  
  200  10:19  Zerg Ground Armor Level 3  
  198  10:23  Seismic Spines  
  191  10:46  Zergling x26  
  191  10:47  Pneumatized Carapace  
  194  10:52  Hatchery  
  194  10:55  Hatchery  
  192  11:00  Zergling x2  
  192  11:01  Zergling x12  
  199  11:06  Baneling x5  
  199  11:19  Hatchery  
  199  11:20  Adaptive Talons  
  198  11:26  Drone  
  199  11:37  Baneling x7  
  197  11:41  Zergling x4  
  197  11:49  Zergling x12  
  197  11:50  Zergling x2  
  166  12:03  Zergling x16  
  166  12:04  Zergling x10  
  166  12:05  Zergling x16  
  166  12:08  Zergling x34  
  191  12:13  Zergling x12  
  191  12:15  Zergling x2  
  188  12:19  Zergling x4  
  190  12:23  Baneling  
  190  12:24  Baneling x19  
  190  12:25  Zergling x8  
  194  12:31  Zergling x10  
  194  12:35  Zergling x2  
  199  12:39  Zergling x4  
  199  12:41  Baneling x4  
  199  12:43  Zergling x2, Hatchery  
  199  12:49  Zerg Melee Weapons Level 3  
  199  12:56  Zerg Missile Weapons Level 2  
  169  13:06  Zergling x24  
  169  13:08  Zergling x8  
  169  13:11  Zergling x28  
  164  13:15  Zergling x10  
  164  13:18  Hydralisk x3  
  163  13:20  Zergling x4  
  163  13:26  Zergling x10  
  169  13:27  Hydralisk  
  169  13:29  Overseer x2  
  169  13:30  Baneling x4  
  169  13:31  Baneling x13  
  169  13:32  Zergling x8, Baneling x4  
  169  13:33  Baneling x11  
  169  13:34  Lurker x3, Baneling x5  
  175  13:35  Lurker x4, Hydralisk x2  
  175  13:39  Overseer  
  175  13:40  Zergling x18  
  175  13:41  Overseer x2  
  195  13:42  Zergling x2  
  195  13:44  Baneling x11  
  195  13:45  Zergling x2  
  195  13:47  Zergling x4  
  199  13:51  Zergling x2  
  200  14:06  Zergling x12  
  200  14:10  Overseer  
  199  14:19  Zergling x4  
  188  14:35  Hydralisk x2  
  154  14:42  Zergling x54  
  154  14:43  Zergling x10  
  154  14:44  Hydralisk x2  
  173  14:50  Zergling x8  
  175  14:55  Zergling x10  
  175  14:58  Baneling  
  175  14:59  Zergling x6, Baneling x2  
  183  15:05  Zergling x14  
  183  15:06  Zergling x2  
  189  15:09  Hydralisk  
  189  15:10  Hydralisk x2  
  189  15:11  Baneling x19  
  189  15:12  Baneling x4  
  189  15:13  Baneling x7  
  193  15:15  Zergling x10  
  192  15:23  Zergling x12  
  192  15:27  Zergling x2  
  192  15:28  Zergling x4  
  199  15:32  Zergling x10  
  199  15:33  Zergling x2  
  200  15:48  Overlord  
  200  15:50  Overlord  
  200  15:53  Zergling x8  
  200  15:55  Hydralisk x2  
  190  15:58  Zergling x16  
  190  15:59  Zergling x22  
  190  16:01  Zergling x8  
Tags
 
Add a new tag
Caveats
  • Supply blocks, unpowered buildings, or Contaminate may cause inaccurate times.
  • Supply counts are checked every 10 seconds.